 Dungeon Crawl Stone Soup version 0.18-a0-1727-g7ae74ef (webtiles) character file.

77636 Murumi the Blocker (level 16, -1/129 HPs)
             Began as a Formicid Fighter on Apr 10, 2016.
             Was a High Priest of Elyvilon.
             Slain by a giant leech (2 damage)
             ... on level 1 of the Swamp.
             The game lasted 02:07:23 (23204 turns).

Murumi the Blocker (Formicid Fighter)              Turns: 23204, Time: 02:07:24

Health: -1/129     AC: 28    Str: 24    XL:     16   Next: 5%
Magic:  18/26      EV:  7    Int: 12    God:    Elyvilon [*****.]
Gold:   909        SH: 25    Dex: 16    Spells: 0 memorised, 15 levels left

rFire  . . .     SeeInvis +     e - +3 great sword
rCold  + + .     Gourm    .     N - +2 plate armour {rC+}
rNeg   . . .     Faith    .     l - +0 large shield of Imeoqus {rC+ Dex+3 Slay+5 Stlth-}
rPois  +         Spirit   .     (helmet unavailable)
rElec  .         Dismiss  .     b - +2 cloak
rCorr  .         Reflect  +     X - +0 pair of gloves
SustAt .         Harm     .     G - +0 pair of boots
MR     +....                    u - +5 amulet of reflection
Stlth  ..........               y - ring of poison resistance
                                S - +3 ring of dexterity

@: somewhat resistant to hostile enchantments, extremely unstealthy
A: permanent stasis, dig shafts and tunnels, four strong arms, antennae 3,
iridescent scales 1
a: Dig, Shaft Self, Lesser Healing, Heal Other, Purification, Greater Healing,
Divine Vigour, Divine Protection, Renounce Religion


You were on level 1 of the Swamp.
You worshipped Elyvilon.
Elyvilon was extremely pleased with you.
You were not hungry.

You visited 5 branches of the dungeon, and saw 25 of its levels.
You also visited: Labyrinth and Bailey.

You collected 2478 gold pieces.
You spent 1569 gold pieces at shops.

Inventory:

Hand Weapons
 e - a +3 great sword (weapon)
 f - a +0 arbalest
Missiles
 C - 105 bolts
 M - 20 poisoned bolts
Armour
 b - a +2 cloak (worn)
 l - the +0 large shield of Imeoqus (worn) {rC+ Dex+3 Slay+5 Stlth-}
   (You found it in a bailey)

   It affects your dexterity (+3).
   It affects your accuracy and damage with ranged weapons and melee attacks
   (+5).
   It protects you from cold.
   It makes you less stealthy.
 G - a +0 pair of boots (worn)
 N - a +2 plate armour of cold resistance (worn)
 X - a +0 pair of gloves (worn)
Jewellery
 m - an uncursed ring of protection from magic
 n - an uncursed amulet of regeneration
 r - an uncursed ring of protection from fire
 u - a +5 amulet of reflection (around neck)
 y - a ring of poison resistance (right hand)
 K - an uncursed ring of resist corrosion
 O - an uncursed ring of flight
 S - a +3 ring of dexterity (left hand)
 W - an uncursed amulet of guardian spirit
 Y - an uncursed ring of protection from magic
 Z - an uncursed amulet of magic regeneration
Wands
 z - a wand of lightning (8/15)
 I - a wand of disintegration (12/24)
Scrolls
 p - 4 scrolls of enchant armour
 q - a scroll of fear
 t - 2 scrolls of recharging
 x - 3 scrolls of fog
 A - 4 scrolls of remove curse
 D - 7 scrolls of identify
 J - a scroll of magic mapping
 L - a scroll of amnesia
 R - 2 scrolls of enchant weapon
 T - 2 scrolls of silence
Potions
 a - 3 potions of resistance
 c - 6 potions of brilliance
 d - 2 potions of might
 g - 4 potions of lignification
 k - 6 potions of curing
 o - 4 potions of heal wounds
 s - 2 potions of ambrosia
 v - 5 potions of agility
 P - a potion of cure mutation
Comestibles
 h - 5 meat rations
 i - 3 fruits
 w - 7 beef jerkies
 F - 16 bread rations
 Q - a slice of pizza


   Skills:
 + Level 12.5 Fighting
 - Level 11.0 Long Blades
 - Level 11.0 Crossbows
 - Level 12.0 Armour
 - Level 14.0 Shields
 - Level 14.0 Invocations


You had 15 spell levels left.
You didn't know any spells.

Dungeon Overview and Level Annotations

Branches:
Dungeon (13/15)            Temple (1/1) D:6            Lair (8/8) D:9
  Swamp (1/4) Lair:4       Spider (0/4) Lair:5        Slime (0/6) Lair:7
    Orc (2/2) D:11            Elf (0/3) Orc:2
 Vaults: D:13-14

Altars:
Ashenzari
Cheibriados
Dithmenos
Elyvilon
Fedhas
Gozag
Kikubaaqudgha
Makhleb
Nemelex Xobeh
Okawaru
Pakellas
Qazlal
Ru
Sif Muna
Trog
Vehumet
Xom
Yredelemnul
Zin
The Shining One
Beogh

Shops:
Orc:2 (*%!


Innate Abilities, Weirdness & Mutations

You are under a permanent stasis effect.
You can dig through walls and to a lower floor.
Your four strong arms can wield two-handed weapons with a shield.
You have a pair of large antennae on your head (SInv).
You are partially covered in iridescent scales (AC +4).


Message History

You block the giant leech's attack. You block the slime creature's attack.
You block the vampire mosquito's attack.
The slime creature barely misses you. The slime creature hits you!
* * * LOW HITPOINT WARNING * * *
You continue eating.
You block the vampire mosquito's attack.
You block the slime creature's attack. The slime creature hits you!
* * * LOW HITPOINT WARNING * * *
You block the giant leech's attack. The slime creature hits you!
* * * LOW HITPOINT WARNING * * *
You block the vampire mosquito's attack.
The slime creature hits you but does no damage.
You continue eating.
You block the vampire mosquito's attack.
The slime creature hits you but does no damage.
You block the slime creature's attack.
The slime creature hits you but does no damage.
You block the vampire mosquito's attack.
The giant leech bites you.
You die...

♣...♣. ♣♣≈≈...
♣♣......♣♣♣♣♣
♣≈.≈.♣.♣....♣♣
♣..≈...≈≈≈≈≈.♣
≈....≈≈≈≈≈≈≈.
♣...≈≈≈≈≈≈.
♣.wJy≈≈≈≈≈.
♣.J@≈≈≈≈≈≈.
♣.JJ≈≈≈≈≈..
≈≈§..≈≈≈≈≈≈..
♣≈≈.≈≈.≈≈≈≈≈≈.♣
.≈≈.♣!♣..≈≈..♣♣
....♣♣♣♣...≈≈♣
.%. ...≈♣.♣ ≈.
≈..♣...


You could see a giant leech, 4 slime creatures and a vampire mosquito.

Vanquished Creatures
  Gastronok (Lair:3)
  Kirke (Lair:7)
  Maud (Orc:1)
  4 dire elephants (Lair:8)
  A minotaur (Lab)
  Harold (Lair:4)
  An anaconda (Lair:8)
  A catoblepas (Lair:7)
  A queen ant (Lair:7)
  3 orc high priests (Orc:2)
  Urug (D:10)
  2 hill giants (D:11)
  An oklob plant (Lair:4)
  Pikel (D:5)
  6 orc sorcerers
  A cyclops (D:11)
  9 orc knights
  5 griffons
  An ugly thing (D:12)
  2 manticores
  3 black mambas
  8 elephants
  7 orange demons (D:10)
  15 spiny frogs
  3 rime drakes (Lair:7)
  A centaur skeleton (D:10)
  7 komodo dragons
  2 red devils (D:10)
  2 minotaur zombies (Lab)
  A polar bear (Lair:2)
  2 trolls
  A two-headed ogre (D:11)
  3 boulder beetles (Lair:4)
  4 slime creatures
  A spriggan (D:8)
  2 redbacks (Lair:5)
  20 blink frogs
  A vampire (D:10)
  5 wyverns
  Eustachio (D:6)
  8 basilisks
  A hog (Lair:7)
  43 yaks
  A hungry ghost (D:9)
  12 hippogriffs
  Edmund (D:6)
  3 vampire mosquitoes (Swamp:1)
  A mottled dragon (D:12)
  Menkaure (D:6)
  2 wargs
  4 swamp worms (Lair:4)
  10 soldier ants
  A hell hound (Lair:7)
  14 water moccasins
  25 porcupines
  29 orc warriors
  3 slaves (D:5)
  A wasp (D:12)
  2 ice beasts
  A black bear (D:10)
  14 ogres
  A phantom (D:10)
  6 centaurs
  16 wolves
  17 crocodiles
  13 giant frogs
  3 gnoll sergeants
  5 scorpions
  10 killer bees
  12 wights
  4 howler monkeys (D:8)
  3 giant frog zombies
  6 crimson imps
  3 giant frog skeletons
  6 hounds
  5 jellies
  17 orc priests
  7 iguanas
  16 orc wizards
  20 worker ants
  12 sheep
  3 hound skeletons
  A worker ant zombie (D:11)
  19 gnolls
  11 adders
  68 river rats
  3 shadow imps
  An adder zombie (D:4)
  4 worms
  A dart slug (D:5)
  6 giant geckos
  82 orcs
  5 bats
  5 giant cockroaches
  14 goblins
  6 hobgoblins
  4 jackals
  4 quokkas
  A ball python (D:5)
  A giant gecko skeleton (D:6)
  11 giant newts
  A jackal skeleton (D:5)
  7 kobolds
  3 quokka skeletons
  7 rats
  A plant (Lair:8)
761 creatures vanquished.

Vanquished Creatures (others)
  3 hydras (Lair:7)
  A boulder beetle (Lair:4)
  A blink frog (Lair:5)
  3 humans (Lair:7)
  3 wyverns (Lair:7)
  4 hippogriffs
  An orc warrior (Orc:1)
  3 centaurs (Lair:5)
  A centaur zombie (D:5)
  A bush (D:9)
  24 fungi
  15 plants
60 creatures vanquished.

Grand Total: 821 creatures vanquished

Notes
Turn   | Place    | Note
--------------------------------------------------------------
     0 | D:1      | Murumi the Formicid Fighter began the quest for the Orb.
     0 | D:1      | Reached XP level 1. HP: 18/18 MP: 1/1
    54 | D:1      | Reached XP level 2. HP: 24/24 MP: 2/2
   550 | D:1      | Reached XP level 3. HP: 23/29 MP: 3/3
  1178 | D:2      | Reached XP level 4. HP: 33/37 MP: 4/4
  1456 | D:2      | You fall through a shaft for 2 floors!
  1499 | D:4      | Reached XP level 5. HP: 42/42 MP: 5/5
  1525 | D:4      | Found an iron altar of Okawaru.
  2666 | D:4      | Noticed a hippogriff
  2684 | D:4      | Killed a hippogriff
  2684 | D:4      | Reached XP level 6. HP: 17/48 MP: 6/6
  3363 | D:5      | Entered Level 5 of the Dungeon
  3447 | D:5      | Noticed an ogre
  3463 | D:5      | Killed an ogre
  3463 | D:5      | Reached skill level 5 in Shields
  3463 | D:5      | Reached XP level 7. HP: 25/54 MP: 7/7
  3597 | D:5      | Noticed Pikel
  3723 | D:5      | Killed Pikel
  3723 | D:5      | Reached skill level 5 in Long Blades
  3723 | D:5      | Reached XP level 8. HP: 60/60 MP: 8/8
  4302 | D:6      | Noticed Eustachio
  4303 | D:6      | Noticed Edmund
  4336 | D:6      | Killed Eustachio
  4336 | D:6      | Reached skill level 5 in Fighting
  4395 | D:6      | Killed Edmund
  4397 | D:6      | Reached XP level 9. HP: 60/70 MP: 9/9
  4510 | D:6      | Found an ancient bone altar of Kikubaaqudgha.
  4577 | D:6      | Found a deep blue altar of Sif Muna.
  4606 | D:6      | Found a shimmering altar of Xom.
  4668 | D:6      | Found a sacrificial altar of Ru.
  4681 | D:6      | Noticed Menkaure
  4683 | D:6      | Killed Menkaure
  4710 | D:6      | Found a glowing golden altar of the Shining One.
  4804 | D:6      | Found a staircase to the Ecumenical Temple.
  4810 | Temple   | Entered the Ecumenical Temple
  5137 | D:6      | Found an oddly glowing altar of Pakellas.
  5137 | D:6      | Noticed an orange crystal statue
  5207 | D:6      | Found a white marble altar of Elyvilon.
  5211 | D:6      | Became a worshipper of Elyvilon the Healer
  5291 | D:6      | Reached skill level 1 in Invocations
  5504 | D:7      | Found a glowing silver altar of Zin.
  6122 | D:8      | Found a sparkling altar of Nemelex Xobeh.
  6179 | D:8      | Reached skill level 5 in Invocations
  6243 | D:8      | Reached XP level 10. HP: 79/79 MP: 14/14
  6331 | D:8      | Found a radiant altar of Vehumet.
  6457 | D:8      | Reached skill level 1 in Crossbows
  6503 | D:8      | Found a bloodstained altar of Trog.
  6503 | D:8      | Found a sparkling altar of Nemelex Xobeh.
  6507 | D:8      | Found a stormy altar of Qazlal.
  7096 | D:9      | Reached * piety under Elyvilon
  7290 | D:9      | Reached skill level 5 in Crossbows
  7375 | D:9      | Found a staircase to the Lair.
  7457 | D:9      | Reached XP level 11. HP: 67/84 MP: 17/17
  8063 | D:10     | Entered Level 10 of the Dungeon
  8174 | D:10     | Noticed Urug
  8207 | D:10     | Killed Urug
  8367 | D:10     | Reached ** piety under Elyvilon
  8709 | D:10     | Reached XP level 12. HP: 95/95 MP: 18/18
  9183 | D:11     | Found a labyrinth entrance.
  9199 | Lab      | Entered a labyrinth
  9393 | Lab      | Noticed a minotaur
  9402 | Lab      | Killed a minotaur
  9416 | Lab      | Reached skill level 10 in Armour
  9670 | D:11     | Reached *** piety under Elyvilon
  9681 | D:11     | Reached skill level 10 in Shields
  9885 | D:11     | Found a roughly hewn altar of Beogh.
  9885 | D:11     | Found a staircase to the Orcish Mines.
  9888 | D:11     | Reached skill level 10 in Invocations
 10250 | Orc:1    | Entered Level 1 of the Orcish Mines
 10414 | Orc:1    | Found a flagged portal.
 10431 | Orc:1    | Noticed Maud
 10452 | Orc:1    | Killed Maud
 10463 | Bailey   | Entered a bailey
 10863 | Bailey   | Reached XP level 13. HP: 98/101 MP: 20/20
 10893 | Bailey   | Reached skill level 10 in Long Blades
 10925 | Bailey   | Got a brightly glowing crystal plate armour
 10928 | Bailey   | Got a spiked large shield
 11010 | Orc:1    | Identified the +10 crystal plate armour of Sloth {rC+ Str-5 Dex+4 Slay+2} (You found it in a bailey)
 11011 | Orc:1    | Identified the +0 large shield of Imeoqus {rC+ Dex+3 Slay+5 Stlth-} (You found it in a bailey)
 11149 | Orc:1    | Reached **** piety under Elyvilon
 11218 | Orc:1    | Found a roughly hewn altar of Beogh.
 11452 | Orc:2    | Entered Level 2 of the Orcish Mines
 11681 | Orc:2    | Reached skill level 10 in Fighting
 12246 | Orc:2    | Found a staircase to the Elven Halls.
 12486 | Orc:2    | Found Ulonis's Weapon Boutique.
 12530 | Orc:2    | Found Rov Zunk's Assorted Antiques.
 12800 | Orc:2    | Found Gival's Distillery.
 12806 | Orc:2    | Found Joluk's Food Emporium.
 12808 | Orc:2    | Bought a potion of beneficial mutation for 455 gold pieces
 12808 | Orc:2    | Gained mutation: You are partially covered in iridescent scales (AC +4). [potion of beneficial mutation]
 12819 | Orc:2    | Bought a scroll labeled NOUFYOSMERCH for 35 gold pieces
 12935 | Orc:2    | Bought a potion of curing for 39 gold pieces
 12935 | Orc:2    | Bought a potion of resistance for 130 gold pieces
 12935 | Orc:2    | Bought a potion of heal wounds for 65 gold pieces
 12935 | Orc:2    | Bought a potion of heal wounds for 65 gold pieces
 12935 | Orc:2    | Bought a potion of agility for 52 gold pieces
 12935 | Orc:2    | Bought a potion of agility for 52 gold pieces
 12935 | Orc:2    | Bought a potion of heal wounds for 65 gold pieces
 12935 | Orc:2    | Bought a potion of flight for 39 gold pieces
 12935 | Orc:2    | Bought a potion of curing for 39 gold pieces
 12935 | Orc:2    | Bought 2 potions of agility for 104 gold pieces
 12935 | Orc:2    | Bought a potion of invisibility for 104 gold pieces
 12935 | Orc:2    | Bought a potion of cure mutation for 325 gold pieces
 13053 | Lair:1   | Entered Level 1 of the Lair of Beasts
 13303 | Lair:1   | Noticed an eight-headed hydra
 13304 | Lair:1   | Pacified an eight-headed hydra
 13553 | Lair:1   | Reached XP level 14. HP: 113/113 MP: 22/22
 14024 | Lair:2   | Found a white marble altar of Elyvilon.
 14262 | Lair:2   | Reached ***** piety under Elyvilon
 14908 | Lair:3   | Noticed Gastronok
 14963 | Lair:3   | Killed Gastronok
 15752 | Lair:4   | Reached skill level 10 in Crossbows
 16091 | Lair:4   | Found a sacrificial altar of Ru.
 16180 | Lair:4   | Found a staircase to the Swamp.
 16421 | Lair:4   | Noticed Harold
 16430 | Lair:4   | Killed Harold
 17411 | Lair:5   | Found a shimmering altar of Xom.
 17647 | Lair:5   | Found a hole to the Spider Nest.
 18289 | Lair:6   | Reached XP level 15. HP: 120/120 MP: 24/24
 19048 | Lair:7   | Noticed Kirke
 19065 | Lair:7   | Killed Kirke
 19866 | Lair:7   | Found a staircase to the Slime Pits.
 20514 | Lair:8   | Entered Level 8 of the Lair of Beasts
 22379 | D:12     | Reached XP level 16. HP: 127/127 MP: 26/26
 22526 | D:12     | Found a shattered altar of Ashenzari.
 23166 | Swamp:1  | Entered Level 1 of the Swamp
 23203 | Swamp:1  | HP: 1/129 [slime creature (9)]
 23204 | Swamp:1  | Slain by a giant leech

Vault maps used:
D:1:      grunt_arrival_lava_bath, minmay_circled_x
D:2:      grunt_decor_resistance, minmay_item_behind_shaft,
          minmay_misc_feat_columns, st_stairs_8
D:4:      okawaru_gym_becter, minivault_23
D:5:      first_bread, minmay_misc_feat_rows, serial_bayou_crossing, uniq_pikel
D:6:      marbit_many_paths, lemuel_crystal_altar,
          gammafunk_pakellas_statue_experiment,
          nicolae_overflow_quartered_altars, minmay_temple_entry_fiery,
          uniq_edmund, uniq_eustachio, uniq_menkaure
D:7:      lemuel_doored_altar
D:8:      grunt_temple_overflow_open, overflow_temple_1_default, the_bakery,
          nemelex_spade_bored_becter
D:9:      minmay_lair_entry_grove
D:10:     minmay_beelzebubs_servants, uniq_urug
D:11:     david_orc_5, lab_entry_generic
D:12:     evilmike_ruin_ashenzari
D:13:     serial_shops, shop, uniq_erolcha
Temple:   temple_island_7
Lair:1:   beast_lair_carwin_1, grunt_megastairs_3
Lair:2:   basic_altar
Lair:3:   grunt_megastairs_1, infiniplex_staircase_pool_2, uniq_gastronok
Lair:4:   boulder_quad_collide, nicolae_swamp_entry_splash_gauntlet,
          lemuel_oklob_altar, uniq_harold
Lair:5:   spider_nest_entry_webs, nicolae_quartered_pool_super,
          lemuel_centaur_altar
Lair:6:   serial_bayou_shore_a
Lair:7:   minmay_slime_entry_pillars, minmay_another_anthill,
          serial_bayou_shore_b, serial_bayou_shore_b, uniq_kirke
Lair:8:   due_jungle_book
Swamp:1:  evilmike_swamp_ruin_house_1, swamp_pool4,
          nicolae_swamp_very_dense_foliage, infiniplex_staircase_pool
Orc:1:    enter_bailey_3, mines1_david, uniq_maud
Orc:2:    st_orc_elflike
Lab:      labyrinth_hidden_loot, nicolae_lab_do_over,
          labyrinth_skeletal_remains, nicolae_lab_stuck
Bailey:   bailey_polearm_1, bailey

Skill      XL: |  1  2  3  4  5  6  7  8  9 10 11 12 13 14 15 |
---------------+----------------------------------------------+-----
Shields        | 4 5 6 7 9 10 12 13 14 | 14.0
Long Blades    | 3 5 6 8 9 10 11 | 11.0
Fighting       | 4 6 7 9 11 12 | 12.5
Armour         | 4 6 7 9 10 11 12 | 12.0
Invocations    | 6 9 10 11 13 14 | 14.0
Crossbows      | 6 7 8 9 10 11 | 11.0

Action                   |  1- 3 |  4- 6 |  7- 9 | 10-12 | 13-15 | 16-18 || total
-------------------------+-------+-------+-------+-------+-------+-------++-------
Melee: Long sword        |   126 |   202 |   258 |       |       |       ||   586
       Great sword       |       |       |   183 |   860 |  1504 |    45 ||  2592
 Fire: Arbalest          |       |       |       |    43 |    34 |       ||    77
Invok: Heal Other        |       |       |       |       |    15 |     1 ||    16
       Lesser Healing    |       |       |       |       |    19 |    11 ||    30
       Greater Healing   |       |       |       |       |     2 |       ||     2
 Abil: Dig               |       |       |     7 |    15 |     9 |       ||    31
Evoke: Wand              |       |       |       |     1 |       |       ||     1
  Use: Scroll            |     6 |     8 |     6 |     4 |    13 |     1 ||    38
       Potion            |       |       |     3 |     5 |    11 |       ||    19
 Stab: Invisible         |       |       |     1 |       |     5 |       ||     6
  Eat: Chunk             |     1 |     6 |    10 |    20 |    48 |     3 ||    88
       Pizza             |       |     1 |       |       |       |       ||     1
       Fruit             |       |       |     2 |       |     1 |       ||     3
       Beef jerky        |       |       |       |     1 |       |       ||     1
       Royal jelly       |       |       |       |       |       |     1 ||     1
